 Dungeon Crawl Stone Soup version 0.30-a0-174-gbc10bd73c2 (webtiles) character file.

Game seed: 10506582925888452330

70575 qw the Severer (level 15, -3/96 HPs)
             Began as a Gargoyle Fighter on Oct 1, 2022.
             Was a High Priest of Okawaru.
             Slain by a white ugly thing (21 damage)
             ... on level 14 of the Dungeon.
             The game lasted 00:08:57 (20454 turns).

qw the Severer (Gargoyle Fighter)                  Turns: 20454, Time: 00:08:57

Health: -3/96      AC: 42    Str: 33    XL:     15   Next: 33%
Magic:  20/20      EV: 12    Int:  9    God:    Okawaru [*****.]
Gold:   786        SH: 14    Dex: 15    Spells: 14/14 levels left

rFire   + . .      SeeInvis +    r - +5 broad axe of Uczamur {drain, rC+}
rCold   . . .      Faith    .    C - +0 kite shield
rNeg    + . .      Spirit   .    p - +4 plate armour
rPois   inf        Reflect  .    i - +2 helmet
rElec   +          Harm     .    v - scarf {repulsion}
rCorr   .          Rampage  .    B - +2 pair of gloves
Will    +....                    n - +1 pair of boots {Fly}
Stlth   ..........               a - amulet of the acrobat
HPRegen 0.36/turn                I - ring "Rela Kal" {Fire Str+6 Dex+4}
MPRegen 0.17/turn                b - ring of see invisible

@: about to teleport, heroic, flying, repel missiles
A: sickness immunity, AC +11, big wings, negative energy resistance 1,
electricity resistance, torment resistance 1, petrification resistance, thin
skeletal structure 1, low MP 1
a: Renounce Religion, Heroism, Finesse, Duel


You were on level 14 of the Dungeon.
You worshipped Okawaru.
Okawaru was extremely pleased with you.
You visited 2 branches of the dungeon, and saw 19 of its levels.
You visited 1 bazaar.
You also visited: Ossuary and Gauntlet.

You collected 1502 gold pieces.
You spent 716 gold pieces at shops.


Innate Abilities, Weirdness & Mutations

You are immune to sickness and miasma.
Your stone body is resilient. (AC +11)
You are immune to poison.
Your large and strong wings let you fly.
You resist negative energy. (rN+)
You are resistant to electric shocks. (rElec)
You are resistant to unholy torment.
You are immune to petrification.
You have a somewhat thin skeletal structure. (Dex +2, Stealth+)
Your magical capacity is low. (-10% MP)


   Skills:
 - Level 12.0(17.0) Fighting
 + Level 15.2(20.2) Axes
 - Level 6.0(11.0) Throwing
 - Level 11.0(16.0) Armour
 - Level 4.1(9.1) Dodging
 - Level 12.0(17.0) Shields
 - Level 10.0 Invocations


You had 14 spell levels left.
You didn't know any spells.
Your spell library was empty.

Inventory:

Hand Weapons
 r - the +5 broad axe of Uczamur (weapon) {drain, rC+}
   (You acquired it on level 3 of the Lair of Beasts)

   A truly terrible weapon, it drains the life of any living foe it strikes.
   rC:        It protects you from cold.
 t - a +2 war axe of flaming
Missiles
 k - 6 boomerangs
 q - 11 javelins (quivered)
 H - 4 boomerangs of dispersal
Armour
 i - a +2 helmet (worn)
 n - a +1 pair of boots of flying (worn)
 p - a +4 plate armour (worn)
 u - a +0 cloak
 v - a scarf of repulsion (worn)
 B - a +2 pair of gloves (worn)
 C - a +0 kite shield (worn)
 D - a +2 chain mail of fire resistance
Jewellery
 a - an amulet of the acrobat (around neck)
 b - a ring of see invisible (right hand)
 c - a +6 ring of strength
 s - a ring of protection from fire
 x - a ring of protection from fire
 y - a ring of protection from cold
 I - the ring "Rela Kal" (left hand) {Fire Str+6 Dex+4}
   (You found it in a Gauntlet)

   [ring of fire]

   It enhances your fire magic.
   Str:       It affects your strength (+6).
   Dex:       It affects your dexterity (+4).
   rF:        It protects you from fire.
   rC:        It makes you vulnerable to cold.
 Y - a +4 ring of protection
Scrolls
 e - 3 scrolls of teleportation
 f - 2 scrolls of identify
 F - a scroll of brand weapon
 G - a scroll of enchant weapon
Potions
 d - 2 potions of might
 g - a potion of magic
 h - 2 potions of attraction
 j - 10 potions of heal wounds
 l - 9 potions of lignification
 m - a potion of haste
 o - 2 potions of resistance
 w - 9 potions of curing
 z - a potion of cancellation
 E - 3 potions of mutation

Dungeon Overview and Level Annotations

Branches:
Dungeon (14/15)            Temple (0/1) D:6            Lair (5/5) D:10
 Shoals (0/4) Lair:2       Spider (0/4) Lair:2        Slime (0/5) Lair:4
    Orc (0/2) D:11         Vaults (0/5) D:14        Ossuary (visited)
Gauntlet (visited)

Altars:
Dithmenos
Fedhas
Hepliaklqana
Okawaru
Sif Muna
Trog
Vehumet
Zin
The Shining One

Shops:
D:6 *   D:8 *   D:9 (   D:14 *

Portals:
Trove: D:12 (give +7 demon whip)


Message History

The white ugly thing bites you. The white ugly thing freezes you!!
The green ugly thing gores you but does no damage.
You hit the green ugly thing.
You kill the green ugly thing!
Okawaru accepts your kill.
You hit the white ugly thing but do no damage.
You drain the white ugly thing. You closely miss the white ugly thing.
The white ugly thing bites you. The white ugly thing freezes you!!
You hit the red ugly thing but do no damage.
You drain the red ugly thing.
The red ugly thing is lightly wounded.
You hit the white ugly thing but do no damage.
You drain the white ugly thing. You slice the red ugly thing!!
You drain the red ugly thing!
The red ugly thing is heavily wounded.
You slash the white ugly thing!
The white ugly thing bites you but does no damage.
The red ugly thing barely misses you.
You slash the red ugly thing! You drain the red ugly thing.
The red ugly thing is severely wounded.
You slice the white ugly thing!! You drain the white ugly thing.
You slash the white ugly thing! You drain the white ugly thing.
The white ugly thing closely misses you.
The red ugly thing misses you.
You slash the red ugly thing!
The red ugly thing is almost dead.
You closely miss the white ugly thing. You slash the white ugly thing!
You drain the white ugly thing!
You block the white ugly thing's attack.
The white ugly thing bites you but does no damage.
You slash the red ugly thing!
You kill the red ugly thing!
Okawaru accepts your kill.
You closely miss the white ugly thing. x2
The white ugly thing claws you. The white ugly thing freezes you!
20454 ||| READING 4 scrolls of teleportation.
As you read the scroll of teleportation, it crumbles to dust.
You feel strangely unstable. The white ugly thing bites you.
The white ugly thing freezes you!!
You die...

################ ######
................ #.....
(............... #.....
(............... #.....
......%u.##### #.....
u...#u@.....######.....
######### .
#####........#.....
........#
#........#.....
........#
#........#.....
........#
#...#....#.....
#####...#
.......#....#.....
#.......#
####...#..(/......
#.......#
.....#..........
#.......#
......#..........


You could see 2 ugly things.

Vanquished Creatures
  Kirke (Lair:5)
  Nessos (D:13)
  4 dire elephants (Lair:5)
  A minotaur (Gauntlet)
  An entropy weaver (shapeshifter) (D:14)
  Erolcha (D:10)
  5 hydras
  A ghost crab (Gauntlet)
  A centaur warrior (D:12)
  Harold (D:11)
  8 death yaks
  4 boulder beetles
  2 two-headed ogres
  Sonja (D:12)
  4 skeletal warriors (D:12)
  A spectral anaconda (Lair:5)
  Pikel (D:9)
  An obsidian statue (Lair:5)
  3 necromancers (Lair:5)
  13 ugly things
  A shining eye (shapeshifter) (D:14)
  4 cyclopes
  A shining eye (Gauntlet)
  2 manticores
  7 black mambas
  4 merfolk sirens (Lair:2)
  10 elephants
  11 cane toads
  2 torpor snails (Lair:4)
  A dire elephant skeleton (Lair:5)
  2 gargoyles
  A kobold demonologist (D:12)
  An unseen horror (D:11)
  2 rime drakes
  A tengu conjurer (D:14)
  8 komodo dragons
  7 polar bears
  A queen bee (shapeshifter) (D:13)
  A troll (D:13)
  Prince Ribbit (D:7)
  6 slime creatures
  A spectral elephant (Lair:5)
  A dream sheep (Lair:4)
  9 blink frogs
  A shadow (D:13)
  4 culicivoras (Lair:2)
  21 yaks
  3 wraiths
  A vampire (D:11)
  2 wyverns
  6 basilisks
  3 hogs (Lair:5)
  15 vampire mosquitoes
  2 death yak simulacra (Lair:5)
  A spectral cane toad (Lair:5)
  2 acid dragons
  7 water moccasins
  A floating eye (Gauntlet)
  4 black bears
  6 orc warriors
  A sky beast (shapeshifter) (D:14)
  An elephant zombie (Lair:5)
  A black bear (shapeshifter) (D:14)
  An ice beast (D:7)
  3 ogres
  9 centaurs
  8 wolves
  3 elephant skeletons (Lair:5)
  A lemure (D:9)
  18 bullfrogs
  3 kobold brigands
  An elf zombie (Ossuary)
  A necrophage (D:7)
  2 gnoll sergeants
  A cane toad simulacrum (Lair:5)
  3 scorpions
  2 elf skeletons (D:4)
  13 wights
  6 killer bees (D:11)
  An elephant simulacrum (Lair:5)
  3 howler monkeys
  5 jellies
  A centaur zombie (Ossuary)
  2 hounds
  7 orc priests
  A human skeleton (D:4)
  3 iguanas
  14 orc wizards
  7 hell rats (Lair:1)
  A statue (D:6)
  2 mummies (Ossuary)
  9 gnolls
  8 adders
  3 river rats (D:4)
  2 shadow imps
  2 white imps
  An ufetubus (D:6)
  5 adder zombies (Ossuary)
  4 worms
  3 dart slugs
  45 orcs
  6 bats
  11 endoplasms
  2 giant cockroaches
  9 goblins
  20 hobgoblins
  4 jackals (D:3)
  4 quokkas
  8 ball pythons
  4 frilled lizards
  2 goblin zombies (Ossuary)
  7 hobgoblin zombies (Ossuary)
  A jackal zombie (Ossuary)
  25 kobolds
  11 kobold zombies (Ossuary)
  An orc skeleton (D:4)
  11 orc zombies
  8 rats
560 creatures vanquished.

Vanquished Creatures (others)
  A wizard (Gauntlet)
  38 fungi
  66 plants
  24 withered plants (Lair:5)
129 creatures vanquished.

Grand Total: 689 creatures vanquished

Notes
Turn   | Place    | Note
-------+----------+-------------------------------------------
     0 | D:1      | qw the Gargoyle Fighter began the quest for the Orb.
     0 | D:1      | Reached XP level 1. HP: 14/14 MP: 1/1
     0 | D:1      | 0 ||| qw: Version: 0.2-a-13-gfc7b4b4
     0 | D:1      | 0 ||| qw: Game counter: 1927
     0 | D:1      | 0 ||| qw: Always use a shield: true
     0 | D:1      | 0 ||| qw: God list: Okawaru
     0 | D:1      | 0 ||| qw: Allow faded altars: false
     0 | D:1      | 0 ||| qw: Do Orc after D:15 true
     0 | D:1      | 0 ||| qw: Do second Lair branch before Depths: true
     0 | D:1      | 0 ||| qw: Lair rune preference: random
     0 | D:1      | 0 ||| qw: Plans: Normal, Zot:1-4, God:TSO, Crypt, Tomb,
                  | Pan, Slime:5, Hells, Abyss, Orb
     0 | D:1      | 0 ||| PLANNING D:1-11
   114 | D:1      | Reached skill level 2 in Axes
   180 | D:1      | Reached XP level 2. HP: 19/19 MP: 2/2
   187 | D:1      | 187 ||| DROPPING +0 club.
   405 | D:1      | Reached skill level 3 in Axes
   451 | D:1      | Reached XP level 3. HP: 23/23 MP: 3/3
   945 | D:1      | 945 ||| READING scroll labelled VADANO HIEHESKAATU.
   946 | D:1      | 946 ||| READING 2 scrolls labelled HINUDGHICAD.
   947 | D:1      | 947 ||| READING scroll labelled CUGGOZ PETSEL.
   951 | D:1      | 951 ||| READING scroll labelled EZORAH ATOLLE.
   952 | D:1      | 952 ||| READING scroll labelled ALAFEA BAJUA.
   953 | D:1      | 953 ||| READING scroll labelled ERPHUKL TEROYMP.
   954 | D:1      | 954 ||| DRINKING 2 white potions.
   979 | D:2      | 979 ||| STAIRDANCE
  1018 | D:2      | 1018 ||| Stepping ~*~*~tactically~*~*~ (stealth).
  1034 | D:2      | Found a glowing silver altar of Zin.
  1448 | D:2      | 1448 ||| READING 2 scrolls of identify.
  1448 | D:2      | 1448 ||| IDENTIFYING fizzy purple potion
  1449 | D:2      | 1449 ||| DROPPING potion of brilliance.
  1457 | D:3      | Found a faded altar of an unknown god.
  1478 | D:3      | Reached XP level 4. HP: 28/28 MP: 4/4
  1525 | D:3      | 1525 ||| Stepping ~*~*~tactically~*~*~ (stealth).
  1529 | D:3      | 1529 ||| Stepping ~*~*~tactically~*~*~ (stealth).
  1537 | D:3      | Reached skill level 4 in Axes
  1546 | D:3      | HP: 4/28 [gnoll/+0 spear (4)]
  1549 | D:3      | HP: 1/28 [gnoll/+0 spear (4)]
  1579 | D:3      | 1579 ||| Stepping ~*~*~tactically~*~*~ (stealth).
  1580 | D:3      | 1580 ||| Stepping ~*~*~tactically~*~*~ (stealth).
  1660 | D:3      | 1660 ||| DROPPING +0 whip.
  1782 | D:3      | Reached XP level 5. HP: 31/32 MP: 5/5
  1906 | D:3      | 1906 ||| Stepping ~*~*~tactically~*~*~ (hiding).
  2071 | D:3      | Reached skill level 1 in Throwing
  2192 | D:3      | 2192 ||| Stepping ~*~*~tactically~*~*~ (stealth).
  2201 | D:3      | 2201 ||| Stepping ~*~*~tactically~*~*~ (stealth).
  2257 | D:3      | 2257 ||| Stepping ~*~*~tactically~*~*~ (stealth).
  2459 | D:3      | 2459 ||| UPGRADING to +0 chain mail.
  2469 | D:3      | 2469 ||| DROPPING +0 scale mail.
  2470 | D:3      | 2470 ||| UPGRADING to +0 pair of gloves.
  2484 | D:4      | 2484 ||| PLANNING OSSUARY
  2517 | D:4      | Reached skill level 5 in Axes
  2538 | D:4      | 2538 ||| Stepping ~*~*~tactically~*~*~ (stealth).
  2540 | D:4      | 2540 ||| Stepping ~*~*~tactically~*~*~ (stealth).
  2562 | D:4      | Reached XP level 6. HP: 32/38 MP: 6/6
  2617 | D:4      | 2617 ||| Stepping ~*~*~tactically~*~*~ (stealth).
  2703 | D:4      | 2703 ||| Stepping ~*~*~tactically~*~*~ (hiding).
  2704 | D:4      | 2704 ||| Stepping ~*~*~tactically~*~*~ (hiding).
  2760 | D:4      | Found a sand-covered staircase.
  2800 | D:4      | 2800 ||| UPGRADING to +0 helmet.
  2805 | D:4      | 2805 ||| READING 2 scrolls of identify.
  2805 | D:4      | 2805 ||| IDENTIFYING smoky brown potion
  2806 | D:4      | 2806 ||| DROPPING potion of invisibility.
  2810 | Ossuary  | Entered an ossuary
  2897 | Ossuary  | 2897 ||| Stepping ~*~*~tactically~*~*~ (stealth).
  2968 | Ossuary  | Reached skill level 6 in Axes
  2989 | Ossuary  | Reached skill level 1 in Dodging
  2989 | Ossuary  | Reached XP level 7. HP: 43/43 MP: 7/7
  3115 | Ossuary  | 3115 ||| READING 2 scrolls labelled LET OSEPSANK.
  3116 | Ossuary  | 3116 ||| DRINKING 3 lumpy red potions.
  3117 | Ossuary  | 3117 ||| DRINKING 5 glowing coppery potions.
  3163 | Ossuary  | 3163 ||| DROPPING scroll of summoning.
  3176 | D:4      | 3176 ||| PLANNING SEWER
  3192 | D:4      | 3192 ||| RIP SEWER
  3193 | D:4      | 3193 ||| PLANNING D:1-11
  3257 | D:4      | 3257 ||| Stepping ~*~*~tactically~*~*~ (stealth).
  3299 | D:4      | 3299 ||| Stepping ~*~*~tactically~*~*~ (hiding).
  3300 | D:4      | 3300 ||| Stepping ~*~*~tactically~*~*~ (hiding).
  3301 | D:4      | 3301 ||| Stepping ~*~*~tactically~*~*~ (hiding).
  3318 | D:4      | 3318 ||| Stepping ~*~*~tactically~*~*~ (stealth).
  3319 | D:4      | 3319 ||| Stepping ~*~*~tactically~*~*~ (stealth).
  3320 | D:4      | 3320 ||| Stepping ~*~*~tactically~*~*~ (stealth).
  3364 | D:4      | Reached skill level 7 in Axes
  3747 | D:4      | 3747 ||| UPGRADING to +0 plate armour.
  3757 | D:4      | 3757 ||| DROPPING +0 chain mail.
  3758 | D:4      | 3758 ||| UPGRADING to ring of protection from fire.
  3759 | D:4      | 3759 ||| READING scroll labelled FEIWIL WINOGELE.
  3787 | D:5      | Entered Level 5 of the Dungeon
  3848 | D:5      | Reached XP level 8. HP: 49/49 MP: 8/8
  4165 | D:5      | 4165 ||| DRINKING potion of curing.
  4165 | D:5      | 4165 ||| (to cure confusion)
  4167 | D:5      | HP: 11/49 [orc wizard/+1 dagger of speed (4)]
  4168 | D:5      | 4168 ||| READING 2 scrolls of teleportation.
  4169 | D:5      | 4169 ||| DRINKING 5 potions of heal wounds.
  4173 | D:5      | 4173 ||| FLEEEEING.
  4174 | D:5      | 4174 ||| FLEEEEING.
  4175 | D:5      | 4175 ||| FLEEEEING.
  4176 | D:5      | 4176 ||| FLEEEEING.
  4177 | D:5      | 4177 ||| FLEEEEING.
  4178 | D:5      | 4178 ||| FLEEEEING.
  4179 | D:5      | 4179 ||| FLEEEEING.
  4180 | D:5      | 4180 ||| FLEEEEING.
  4181 | D:5      | 4181 ||| FLEEEEING.
  4182 | D:5      | 4182 ||| FLEEEEING.
  4183 | D:5      | 4183 ||| FLEEEEING.
  4184 | D:5      | 4184 ||| FLEEEEING.
  4185 | D:5      | 4185 ||| FLEEEEING.
  4186 | D:5      | 4186 ||| FLEEEEING.
  4187 | D:5      | 4187 ||| FLEEEEING.
  4188 | D:5      | 4188 ||| FLEEEEING.
  4189 | D:5      | 4189 ||| FLEEEEING.
  4190 | D:5      | 4190 ||| FLEEEEING.
  4191 | D:5      | 4191 ||| FLEEEEING.
  4192 | D:5      | 4192 ||| FLEEEEING.
  4195 | D:5      | 4195 ||| FLEEEEING.
  4196 | D:5      | 4196 ||| FLEEEEING.
  4197 | D:5      | 4197 ||| FLEEEEING.
  4198 | D:5      | 4198 ||| FLEEEEING.
  4199 | D:5      | 4199 ||| FLEEEEING.
  4205 | D:5      | 4205 ||| STAIRDANCE
  4271 | D:4      | 4271 ||| READING scroll labelled TATOMU UTATEID.
  4272 | D:4      | 4272 ||| DRINKING 2 amethyst potions.
  4377 | D:5      | HP: 12/49 [iguana (3)]
  4378 | D:5      | 4378 ||| READING scroll of teleportation.
  4379 | D:5      | 4379 ||| DRINKING 4 potions of heal wounds.
  4650 | D:5      | 4650 ||| Stepping ~*~*~tactically~*~*~ (hiding).
  4667 | D:5      | Reached skill level 8 in Axes
  4906 | D:6      | Found a staircase to the Ecumenical Temple.
  4978 | D:6      | Found a shadowy altar of Dithmenos.
  5050 | D:6      | Reached skill level 6 in Fighting
  5206 | D:6      | Found a radiant altar of Vehumet.
  5322 | D:6      | 5322 ||| Stepping ~*~*~tactically~*~*~ (stealth).
  5325 | D:6      | 5325 ||| Stepping ~*~*~tactically~*~*~ (hiding).
  5326 | D:6      | Found Jotheam's Neck Hole.
  5332 | D:6      | Reached XP level 9. HP: 47/55 MP: 9/9
  5368 | D:6      | 5368 ||| BUYING +0 cloak (49 gold).
  5368 | D:6      | Bought a +0 cloak for 49 gold pieces
  5368 | D:6      | 5368 ||| SHOPLISTING amulet of regeneration (330 gold, have
                  | 317).
  5368 | D:6      | 5368 ||| SHOPLISTING amulet of the acrobat (330 gold, have
                  | 317).
  5368 | D:6      | 5368 ||| BUYING scarf of repulsion (132 gold).
  5368 | D:6      | Bought a scarf of repulsion for 132 gold pieces
  5377 | D:6      | 5377 ||| Stepping ~*~*~tactically~*~*~ (stealth).
  5378 | D:6      | 5378 ||| Stepping ~*~*~tactically~*~*~ (stealth).
  5546 | D:6      | Found a shimmering blue altar of Sif Muna.
  5580 | D:6      | Found a glowing golden altar of the Shining One.
  5580 | D:6      | Found a hazy altar of Hepliaklqana.
  5628 | D:6      | 5628 ||| UPGRADING to +0 cloak.
  5633 | D:6      | 5633 ||| UPGRADING to scarf of repulsion.
  5643 | D:6      | 5643 ||| DROPPING ring of magical power.
  5644 | D:6      | 5644 ||| UPGRADING to ring of protection from cold.
  5645 | D:6      | 5645 ||| READING scroll labelled IMAHUG SYFUSIHAY.
  5646 | D:6      | 5646 ||| DROPPING +0 flail.
  5647 | D:6      | 5647 ||| READING scroll labelled VEILIW SAPROA.
  5648 | D:6      | 5648 ||| DRINKING 2 murky amethyst potions.
  5649 | D:6      | 5649 ||| DROPPING potion of flight.
  5736 | D:7      | Noticed Prince Ribbit
  5747 | D:7      | 5747 ||| FLEEEEING.
  5748 | D:7      | 5748 ||| FLEEEEING.
  5750 | D:7      | 5750 ||| STAIRDANCE
  5778 | D:7      | Killed Prince Ribbit
  5779 | D:7      | 5779 ||| STAIRDANCE
  5861 | D:7      | Reached skill level 9 in Axes
  5898 | D:7      | 5898 ||| Stepping ~*~*~tactically~*~*~ (stealth).
  5902 | D:7      | 5902 ||| Stepping ~*~*~tactically~*~*~ (stealth).
  5938 | D:7      | 5938 ||| FLEEEEING.
  5939 | D:7      | 5939 ||| FLEEEEING.
  5940 | D:7      | 5940 ||| FLEEEEING.
  5941 | D:7      | 5941 ||| FLEEEEING.
  5942 | D:7      | 5942 ||| FLEEEEING.
  5943 | D:7      | 5943 ||| FLEEEEING.
  5944 | D:7      | 5944 ||| FLEEEEING.
  5945 | D:7      | 5945 ||| FLEEEEING.
  5946 | D:7      | 5946 ||| FLEEEEING.
  5947 | D:7      | 5947 ||| FLEEEEING.
  5948 | D:7      | 5948 ||| FLEEEEING.
  5949 | D:7      | 5949 ||| Stepping ~*~*~tactically~*~*~ (hiding).
  5958 | D:7      | Reached skill level 6 in Armour
  5961 | D:7      | 5961 ||| Stepping ~*~*~tactically~*~*~ (hiding).
  5978 | D:7      | 5978 ||| Stepping ~*~*~tactically~*~*~ (hiding).
  5979 | D:7      | 5979 ||| Stepping ~*~*~tactically~*~*~ (hiding).
  6238 | D:7      | Found an iron altar of Okawaru.
  6239 | D:7      | 6239 ||| PLANNING OKAWARU WORSHIP
  6239 | D:7      | 6239 ||| UPGRADING to +4 plate armour.
  6249 | D:7      | 6249 ||| DROPPING +0 plate armour.
  6250 | D:7      | 6250 ||| UPGRADING to amulet of the acrobat.
  6262 | D:7      | Became a worshipper of Warmaster Okawaru
  6263 | D:7      | 6263 ||| PLANNING D:1-11
  6668 | D:7      | 6668 ||| READING 2 scrolls of identify.
  6668 | D:7      | 6668 ||| IDENTIFYING bubbling sapphire potion
  6669 | D:7      | 6669 ||| DROPPING potion of berserk rage.
  6699 | D:8      | Found Wadwei's Profane Products.
  6708 | D:8      | 6708 ||| SHOPLISTING +14 obsidian axe {vorpal, Mesm Drain
                  | Fly SInv} (1339 gold, have 261).
  6708 | D:8      | 6708 ||| SHOPLISTING +5 broad axe of Moral Flaws {pain,
                  | rC++} (952 gold, have 261).
  6918 | D:8      | 6918 ||| Stepping ~*~*~tactically~*~*~ (stealth).
  6920 | D:8      | 6920 ||| Stepping ~*~*~tactically~*~*~ (stealth).
  6926 | D:8      | 6926 ||| Stepping ~*~*~tactically~*~*~ (stealth).
  6928 | D:8      | Reached skill level 10 in Axes
  6929 | D:8      | Reached XP level 10. HP: 60/63 MP: 10/10
  6967 | D:8      | 6967 ||| Stepping ~*~*~tactically~*~*~ (stealth).
  6968 | D:8      | 6968 ||| Stepping ~*~*~tactically~*~*~ (stealth).
  6970 | D:8      | 6970 ||| Stepping ~*~*~tactically~*~*~ (stealth).
  6977 | D:8      | 6977 ||| Stepping ~*~*~tactically~*~*~ (stealth).
  6987 | D:8      | Found a flagged portal.
  7139 | D:8      | Noticed a two-headed ogre
  7140 | D:8      | 7140 ||| Stepping ~*~*~tactically~*~*~ (stealth).
  7141 | D:8      | 7141 ||| Stepping ~*~*~tactically~*~*~ (stealth).
  7142 | D:8      | 7142 ||| Stepping ~*~*~tactically~*~*~ (stealth).
  7151 | D:8      | Killed a two-headed ogre
  7151 | D:8      | Reached * piety under Okawaru
  7609 | D:9      | Reached skill level 1 in Invocations
  7650 | D:9      | Found Xiosiyfa's Antique Weapon Emporium.
  7775 | D:9      | 7775 ||| INVOKING Heroism.
  7783 | D:9      | Reached skill level 3 in Throwing
  7790 | D:9      | 7790 ||| INVOKING Heroism.
  7915 | D:9      | Noticed Pikel
  7919 | D:9      | 7919 ||| INVOKING Heroism.
  7927 | D:9      | Killed Pikel
  7928 | D:9      | Reached skill level 3 in Invocations
  7929 | D:9      | 7929 ||| Stepping ~*~*~tactically~*~*~ (stealth).
  7935 | D:9      | 7935 ||| FLEEEEING.
  7938 | D:9      | 7938 ||| FLEEEEING.
  7939 | D:9      | 7939 ||| FLEEEEING.
  7940 | D:9      | 7940 ||| FLEEEEING.
  7941 | D:9      | 7941 ||| FLEEEEING.
  8021 | D:9      | Found a glowing silver altar of Zin.
  8143 | D:9      | 8143 ||| READING scroll labelled SALISO FIBRYN.
  8224 | D:10     | Entered Level 10 of the Dungeon
  8224 | D:10     | Noticed Erolcha
  8225 | D:10     | 8225 ||| INVOKING Heroism.
  8235 | D:10     | Killed Erolcha
  8235 | D:10     | Reached ** piety under Okawaru
  8322 | D:10     | 8322 ||| Stepping ~*~*~tactically~*~*~ (stealth).
  8324 | D:10     | 8324 ||| Stepping ~*~*~tactically~*~*~ (hiding).
  8332 | D:10     | 8332 ||| Stepping ~*~*~tactically~*~*~ (stealth).
  8472 | D:10     | 8472 ||| Stepping ~*~*~tactically~*~*~ (stealth).
  8474 | D:10     | 8474 ||| Stepping ~*~*~tactically~*~*~ (stealth).
  8476 | D:10     | 8476 ||| Stepping ~*~*~tactically~*~*~ (stealth).
  8498 | D:10     | 8498 ||| INVOKING Heroism.
  8609 | D:10     | 8609 ||| INVOKING Heroism.
  8610 | D:10     | Found a staircase to the Lair.
  8612 | D:10     | Noticed a two-headed ogre
  8625 | D:10     | Reached XP level 11. HP: 55/69 MP: 12/14
  8626 | D:10     | 8626 ||| DRINKING 3 potions of curing.
  8626 | D:10     | 8626 ||| (to cure confusion)
  8630 | D:10     | Reached skill level 11 in Axes
  8630 | D:10     | 8630 ||| INVOKING Heroism.
  8632 | D:10     | Reached *** piety under Okawaru
  8633 | D:10     | Reached skill level 9 in Fighting
  8634 | D:10     | Killed a two-headed ogre
  8657 | D:10     | 8657 ||| FLEEEEING.
  8658 | D:10     | 8658 ||| FLEEEEING.
  8659 | D:10     | 8659 ||| FLEEEEING.
  8660 | D:10     | 8660 ||| FLEEEEING.
  8661 | D:10     | 8661 ||| FLEEEEING.
  8666 | D:10     | 8666 ||| STAIRDANCE
  8738 | D:9      | 8738 ||| DROPPING scarf of harm.
  8739 | D:9      | 8739 ||| READING scroll labelled ABBILA XOCYURO.
  8756 | D:10     | 8756 ||| READING scroll of enchant weapon.
  8756 | D:10     | 8756 ||| ENCHANTING +1 war axe of flaming.
  8912 | D:10     | Found a bloodstained altar of Trog.
  8913 | D:10     | 8913 ||| Stepping ~*~*~tactically~*~*~ (stealth).
  8915 | D:10     | 8915 ||| INVOKING Heroism.
  9076 | D:10     | 9076 ||| Stepping ~*~*~tactically~*~*~ (stealth).
  9078 | D:10     | 9078 ||| Stepping ~*~*~tactically~*~*~ (stealth).
  9086 | D:10     | 9086 ||| Stepping ~*~*~tactically~*~*~ (hiding).
  9087 | D:10     | 9087 ||| Stepping ~*~*~tactically~*~*~ (hiding).
  9113 | D:10     | 9113 ||| Stepping ~*~*~tactically~*~*~ (stealth).
  9114 | D:10     | 9114 ||| Stepping ~*~*~tactically~*~*~ (stealth).
  9116 | D:10     | 9116 ||| Stepping ~*~*~tactically~*~*~ (stealth).
  9364 | D:10     | 9364 ||| Stepping ~*~*~tactically~*~*~ (stealth).
  9372 | D:10     | Reached **** piety under Okawaru
  9390 | D:10     | 9390 ||| PLANNING LAIR
  9390 | D:10     | 9390 ||| READING scroll labelled TOZYDO JADOOWI.
  9391 | D:10     | 9391 ||| READING 2 scrolls of identify.
  9391 | D:10     | 9391 ||| IDENTIFYING metallic clear potion
  9397 | Lair:1   | Entered Level 1 of the Lair of Beasts
  9401 | Lair:1   | 9401 ||| INVOKING Heroism.
  9421 | Lair:1   | 9421 ||| INVOKING Heroism.
  9609 | Lair:1   | 9609 ||| Stepping ~*~*~tactically~*~*~ (stealth).
  9662 | Lair:1   | 9662 ||| INVOKING Heroism.
  9782 | Lair:1   | 9782 ||| INVOKING Heroism.
  9871 | Lair:1   | 9871 ||| INVOKING Heroism.
  9872 | Lair:1   | 9872 ||| Stepping ~*~*~tactically~*~*~ (stealth).
  9891 | Lair:1   | 9891 ||| INVOKING Heroism.
  9899 | Lair:1   | Reached skill level 6 in Invocations
  9915 | Lair:1   | Reached skill level 12 in Axes
  9976 | Lair:1   | Identified the +11 sling "Seneupiu" {flame, rC++ Dex+2}
 10039 | Lair:1   | 10039 ||| INVOKING Heroism.
 10129 | Lair:1   | 10129 ||| INVOKING Heroism.
 10465 | Lair:1   | 10465 ||| INVOKING Heroism.
 10683 | Lair:2   | 10683 ||| STAIRDANCE
 10696 | Lair:2   | 10696 ||| STAIRDANCE
 10704 | Lair:2   | 10704 ||| INVOKING Heroism.
 10713 | Lair:2   | 10713 ||| STAIRDANCE
 10910 | Lair:2   | 10910 ||| Stepping ~*~*~tactically~*~*~ (hiding).
 10911 | Lair:2   | 10911 ||| Stepping ~*~*~tactically~*~*~ (hiding).
 10917 | Lair:2   | 10917 ||| INVOKING Heroism.
 10938 | Lair:2   | 10938 ||| Stepping ~*~*~tactically~*~*~ (stealth).
 10944 | Lair:2   | Received a gift from Okawaru
 10945 | Lair:2   | Reached XP level 12. HP: 43/76 MP: 17/17
 11055 | Lair:2   | Found a hole to the Spider Nest.
 11176 | Lair:2   | Noticed a four-headed hydra
 11177 | Lair:2   | 11177 ||| INVOKING Heroism.
 11184 | Lair:2   | Killed a one-headed hydra
 11388 | Lair:2   | 11388 ||| INVOKING Heroism.
 11398 | Lair:2   | Reached skill level 6 in Shields
 11407 | Lair:2   | Found a staircase to the Shoals.
 11412 | Lair:2   | Reached ***** piety under Okawaru
 11565 | Lair:2   | Reached skill level 9 in Armour
 11565 | Lair:2   | Reached skill level 9 in Invocations
 11920 | Lair:2   | 11920 ||| INVOKING Heroism.
 11959 | Lair:2   | 11959 ||| FLEEEEING.
 11960 | Lair:2   | 11960 ||| FLEEEEING.
 11961 | Lair:2   | 11961 ||| FLEEEEING.
 11962 | Lair:2   | 11962 ||| FLEEEEING.
 11963 | Lair:2   | 11963 ||| FLEEEEING.
 12057 | Lair:2   | 12057 ||| FLEEEEING.
 12058 | Lair:2   | 12058 ||| INVOKING Heroism.
 12091 | Lair:2   | 12091 ||| FLEEEEING.
 12092 | Lair:2   | 12092 ||| FLEEEEING.
 12093 | Lair:2   | 12093 ||| FLEEEEING.
 12094 | Lair:2   | 12094 ||| FLEEEEING.
 12095 | Lair:2   | 12095 ||| FLEEEEING.
 12098 | Lair:2   | 12098 ||| FLEEEEING.
 12233 | Lair:2   | 12233 ||| INVOKING Heroism.
 12249 | Lair:2   | 12249 ||| FLEEEEING.
 12249 | Lair:2   | HP: 13/76 [lindwurm/blast of flame (21)]
 12250 | Lair:2   | 12250 ||| FLEEEEING.
 12251 | Lair:2   | 12251 ||| FLEEEEING.
 12252 | Lair:2   | 12252 ||| FLEEEEING.
 12253 | Lair:2   | 12253 ||| FLEEEEING.
 12459 | Lair:2   | 12459 ||| INVOKING Heroism.
 12502 | Lair:2   | 12502 ||| INVOKING Heroism.
 12535 | Lair:2   | 12535 ||| FLEEEEING.
 12536 | Lair:2   | 12536 ||| FLEEEEING.
 12537 | Lair:2   | 12537 ||| FLEEEEING.
 12541 | Lair:2   | 12541 ||| FLEEEEING.
 12542 | Lair:2   | 12542 ||| FLEEEEING.
 12543 | Lair:2   | 12543 ||| FLEEEEING.
 12544 | Lair:2   | 12544 ||| FLEEEEING.
 12546 | Lair:2   | 12546 ||| FLEEEEING.
 12547 | Lair:2   | 12547 ||| FLEEEEING.
 12548 | Lair:2   | 12548 ||| FLEEEEING.
 12549 | Lair:2   | 12549 ||| FLEEEEING.
 12550 | Lair:2   | 12550 ||| FLEEEEING.
 12551 | Lair:2   | 12551 ||| FLEEEEING.
 12552 | Lair:2   | 12552 ||| FLEEEEING.
 12553 | Lair:2   | 12553 ||| FLEEEEING.
 12554 | Lair:2   | 12554 ||| FLEEEEING.
 12555 | Lair:2   | 12555 ||| FLEEEEING.
 12556 | Lair:2   | 12556 ||| FLEEEEING.
 12662 | Lair:2   | 12662 ||| UPGRADING to +4 ring of protection.
 12672 | Lair:3   | 12672 ||| INVOKING Heroism.
 12673 | Lair:3   | 12673 ||| STAIRDANCE
 12704 | Lair:3   | 12704 ||| STAIRDANCE
 12786 | Lair:3   | Noticed a seven-headed hydra
 12787 | Lair:3   | 12787 ||| INVOKING Heroism.
 12797 | Lair:3   | Killed a four-headed hydra
 13041 | Lair:3   | Noticed a boulder beetle
 13046 | Lair:3   | 13046 ||| Stepping ~*~*~tactically~*~*~ (hiding).
 13047 | Lair:3   | 13047 ||| INVOKING Heroism.
 13048 | Lair:3   | 13048 ||| INVOKING Finesse.
 13054 | Lair:3   | Killed a boulder beetle
 13105 | Lair:3   | 13105 ||| Stepping ~*~*~tactically~*~*~ (stealth).
 13106 | Lair:3   | 13106 ||| Stepping ~*~*~tactically~*~*~ (stealth).
 13111 | Lair:3   | 13111 ||| INVOKING Heroism.
 13116 | Lair:3   | Received a gift from Okawaru
 13263 | Lair:3   | 13263 ||| Stepping ~*~*~tactically~*~*~ (stealth).
 13268 | Lair:3   | 13268 ||| Stepping ~*~*~tactically~*~*~ (stealth).
 13352 | Lair:3   | 13352 ||| Stepping ~*~*~tactically~*~*~ (stealth).
 13367 | Lair:3   | 13367 ||| Stepping ~*~*~tactically~*~*~ (stealth).
 13375 | Lair:3   | Reached XP level 13. HP: 75/82 MP: 20/20
 13390 | Lair:3   | 13390 ||| Stepping ~*~*~tactically~*~*~ (stealth).
 13399 | Lair:3   | Reached skill level 13 in Axes
 13406 | Lair:3   | 13406 ||| Stepping ~*~*~tactically~*~*~ (stealth).
 13418 | Lair:3   | 13418 ||| Stepping ~*~*~tactically~*~*~ (stealth).
 13674 | Lair:3   | 13674 ||| UPGRADING to +0 pair of boots of stealth.
 13679 | Lair:3   | 13679 ||| UPGRADING to +6 ring of strength.
 13681 | Lair:3   | 13681 ||| DROPPING ring of wizardry.
 13682 | Lair:3   | 13682 ||| READING scroll labelled ZAIGHE CEPYSE.
 13682 | Lair:3   | Identified a scroll of acquirement
 13682 | Lair:3   | 13682 ||| ACQUIRING +5 broad axe of Uczamur {drain, rC+}
 13682 | Lair:3   | Acquired the +5 broad axe of Uczamur {drain, rC+}
 13684 | Lair:3   | 13684 ||| SWAPPING to +5 broad axe of Uczamur {drain, rC+}.
 13725 | Lair:4   | 13725 ||| Stepping ~*~*~tactically~*~*~ (stealth).
 13746 | Lair:4   | 13746 ||| Stepping ~*~*~tactically~*~*~ (stealth).
 13752 | Lair:4   | 13752 ||| Stepping ~*~*~tactically~*~*~ (stealth).
 13758 | Lair:4   | Found a staircase to the Slime Pits.
 13762 | Lair:4   | 13762 ||| Stepping ~*~*~tactically~*~*~ (stealth).
 13859 | Lair:4   | 13859 ||| INVOKING Heroism.
 13909 | Lair:4   | 13909 ||| Stepping ~*~*~tactically~*~*~ (hiding).
 13912 | Lair:4   | 13912 ||| INVOKING Finesse.
 13933 | Lair:4   | 13933 ||| INVOKING Heroism.
 14629 | Lair:4   | 14629 ||| UPGRADING to +2 pair of gloves.
 14639 | Lair:4   | 14639 ||| DROPPING +0 pair of gloves.
 14640 | Lair:4   | 14640 ||| DRINKING 2 puce potions.
 14641 | Lair:4   | 14641 ||| READING 2 scrolls of identify.
 14641 | Lair:4   | 14641 ||| IDENTIFYING ruby potion
 14642 | Lair:4   | 14642 ||| DROPPING potion of degeneration.
 14660 | Lair:5   | Entered Level 5 of the Lair of Beasts
 14661 | Lair:5   | 14661 ||| INVOKING Heroism.
 14662 | Lair:5   | Noticed Kirke
 14663 | Lair:5   | 14663 ||| INVOKING Finesse.
 14685 | Lair:5   | Killed Kirke
 14687 | Lair:5   | Reached skill level 14 in Axes
 14733 | Lair:5   | 14733 ||| INVOKING Heroism.
 14747 | Lair:5   | Received a gift from Okawaru
 14751 | Lair:5   | 14751 ||| Stepping ~*~*~tactically~*~*~ (stealth).
 14752 | Lair:5   | 14752 ||| Stepping ~*~*~tactically~*~*~ (stealth).
 14753 | Lair:5   | 14753 ||| Stepping ~*~*~tactically~*~*~ (stealth).
 14802 | Lair:5   | 14802 ||| INVOKING Heroism.
 14847 | Lair:5   | 14847 ||| READING scroll of acquirement.
 14847 | Lair:5   | 14847 ||| ACQUIRING +1 pair of boots of flying
 14847 | Lair:5   | Acquired a +1 pair of boots of flying
 14849 | Lair:5   | 14849 ||| DROPPING +0 helmet of intelligence.
 14951 | Lair:5   | 14951 ||| INVOKING Heroism.
 14981 | Lair:5   | 14981 ||| Stepping ~*~*~tactically~*~*~ (stealth).
 15064 | Lair:5   | 15064 ||| INVOKING Heroism.
 15065 | Lair:5   | 15065 ||| INVOKING Finesse.
 15069 | Lair:5   | 15069 ||| SWAPPING to +2 war axe of flaming.
 15071 | Lair:5   | 15071 ||| SWAPPING to +5 broad axe of Uczamur {drain, rC+}.
 15211 | Lair:5   | 15211 ||| INVOKING Heroism.
 15212 | Lair:5   | 15212 ||| INVOKING Finesse.
 15214 | Lair:5   | 15214 ||| SWAPPING to +2 war axe of flaming.
 15220 | Lair:5   | 15220 ||| SWAPPING to +5 broad axe of Uczamur {drain, rC+}.
 15224 | Lair:5   | 15224 ||| Stepping ~*~*~tactically~*~*~ (stealth).
 15234 | Lair:5   | 15234 ||| Stepping ~*~*~tactically~*~*~ (stealth).
 15579 | Lair:5   | Noticed a dire elephant
 15579 | Lair:5   | Noticed a dire elephant
 15579 | Lair:5   | Noticed a dire elephant
 15586 | Lair:5   | Gained mutation: Your large and strong wings let you fly.
                  | [Gargoyle growth]
 15586 | Lair:5   | Reached XP level 14. HP: 90/90 MP: 21/21
 15586 | Lair:5   | Noticed a dire elephant
 15587 | Lair:5   | 15587 ||| INVOKING Heroism.
 15597 | Lair:5   | Killed a dire elephant
 15650 | Lair:5   | 15650 ||| INVOKING Heroism.
 15689 | Lair:5   | 15689 ||| Stepping ~*~*~tactically~*~*~ (hiding).
 15691 | Lair:5   | 15691 ||| Stepping ~*~*~tactically~*~*~ (hiding).
 15692 | Lair:5   | 15692 ||| INVOKING Heroism.
 15698 | Lair:5   | Reached skill level 6 in Throwing
 15707 | Lair:5   | Reached skill level 15 in Axes
 15748 | Lair:5   | Identified the +7 glaive "Eviscerator" {freeze, rPois}
 15793 | Lair:5   | 15793 ||| INVOKING Heroism.
 15794 | Lair:5   | 15794 ||| INVOKING Finesse.
 15854 | Lair:5   | 15854 ||| INVOKING Heroism.
 15855 | Lair:5   | 15855 ||| Stepping ~*~*~tactically~*~*~ (hiding).
 15857 | Lair:5   | 15857 ||| INVOKING Finesse.
 15888 | Lair:5   | 15888 ||| Stepping ~*~*~tactically~*~*~ (hiding).
 16057 | Lair:5   | 16057 ||| Stepping ~*~*~tactically~*~*~ (stealth).
 16060 | Lair:5   | 16060 ||| INVOKING Heroism.
 16069 | Lair:5   | Killed a dire elephant
 16079 | Lair:5   | Killed a dire elephant
 16082 | Lair:5   | Killed a dire elephant
 16208 | Lair:5   | 16208 ||| INVOKING Heroism.
 16375 | Lair:5   | 16375 ||| PLANNING D:1-11
 16375 | Lair:5   | 16375 ||| UPGRADING to +2 helmet.
 16385 | Lair:5   | 16385 ||| DROPPING +0 helmet.
 16386 | Lair:5   | 16386 ||| UPGRADING to +1 pair of boots of flying.
 16396 | Lair:5   | 16396 ||| DROPPING +0 pair of boots of stealth.
 16397 | Lair:5   | 16397 ||| DROPPING +6 ring of intelligence.
 16398 | Lair:5   | 16398 ||| READING 3 scrolls of identify.
 16398 | Lair:5   | 16398 ||| IDENTIFYING dark potion
 16399 | Lair:5   | 16399 ||| READING 2 scrolls of identify.
 16399 | Lair:5   | 16399 ||| IDENTIFYING cyan potion
 16400 | Lair:5   | 16400 ||| DROPPING potion of ambrosia.
 16542 | D:11     | Noticed Harold
 16547 | D:11     | Killed Harold
 16571 | D:11     | 16571 ||| Stepping randomly (disturbance).
 16572 | D:11     | 16572 ||| Stepping randomly (disturbance).
 16615 | D:11     | 16615 ||| INVOKING Heroism.
 16642 | D:11     | Identified the +0 cloak "Sazurhua" {Harm Int+10} (Okawaru
                  | gifted it to you on level 11 of the Dungeon)
 16642 | D:11     | Received a gift from Okawaru
 16764 | D:11     | 16764 ||| Stepping ~*~*~tactically~*~*~ (hiding).
 16852 | D:11     | 16852 ||| INVOKING Heroism.
 16913 | D:11     | Found a staircase to the Orcish Mines.
 17043 | D:11     | 17043 ||| Stepping ~*~*~tactically~*~*~ (hiding).
 17049 | D:11     | Reached skill level 12 in Fighting
 17427 | D:11     | 17427 ||| INVOKING Heroism.
 17484 | D:11     | 17484 ||| PLANNING D
 17484 | D:11     | 17484 ||| DROPPING +0 cloak "Sazurhua" {Harm Int+10}.
 17485 | D:11     | 17485 ||| UPGRADING to +0 kite shield.
 17495 | D:11     | 17495 ||| DROPPING +0 buckler.
 17541 | D:12     | 17541 ||| INVOKING Heroism.
 17550 | D:12     | 17550 ||| INVOKING Finesse.
 17730 | D:12     | Found a portal to a secret trove of treasure.
 17740 | D:12     | 17740 ||| Stepping ~*~*~tactically~*~*~ (stealth).
 17752 | D:12     | 17752 ||| INVOKING Heroism.
 17871 | D:12     | 17871 ||| FLEEEEING.
 17872 | D:12     | 17872 ||| FLEEEEING.
 17873 | D:12     | 17873 ||| FLEEEEING.
 18074 | D:12     | 18074 ||| Stepping ~*~*~tactically~*~*~ (hiding).
 18076 | D:12     | 18076 ||| Stepping ~*~*~tactically~*~*~ (hiding).
 18083 | D:12     | Reached skill level 9 in Shields
 18285 | D:12     | Noticed Sonja
 18299 | D:12     | Killed Sonja
 18389 | D:12     | 18389 ||| DROPPING +2 helmet.
 18390 | D:12     | 18390 ||| UPGRADING to ring of see invisible.
 18409 | D:13     | 18409 ||| PLANNING GAUNTLET
 18409 | D:13     | 18409 ||| INVOKING Heroism.
 18410 | D:13     | 18410 ||| STAIRDANCE
 18661 | D:13     | Noticed Nessos
 18664 | D:13     | 18664 ||| Stepping ~*~*~tactically~*~*~ (hiding).
 18679 | D:13     | 18679 ||| Stepping ~*~*~tactically~*~*~ (hiding).
 18691 | D:13     | 18691 ||| Stepping ~*~*~tactically~*~*~ (hiding).
 18693 | D:13     | 18693 ||| Stepping ~*~*~tactically~*~*~ (hiding).
 18695 | D:13     | 18695 ||| Stepping ~*~*~tactically~*~*~ (hiding).
 18699 | D:13     | Killed Nessos
 18856 | D:13     | Found a gate leading to a gauntlet.
 18857 | D:13     | 18857 ||| READING scroll labelled AHUUDULLECSU.
 18858 | D:13     | 18858 ||| READING scroll labelled ZOTECS QAEMP.
 18859 | D:13     | 18859 ||| DRINKING 2 bubbling coppery potions.
 18859 | D:13     | Gained mutation: You occasionally lose the ability to read
                  | scrolls when taking damage. [potion of mutation]
 18860 | D:13     | 18860 ||| DRINKING potion of mutation.
 18860 | D:13     | Lost mutation: You occasionally lose the ability to read
                  | scrolls when taking damage. [potion of mutation]
 18860 | D:13     | Gained mutation: Your flesh is cold resistant. (rC+)
                  | [potion of mutation]
 18860 | D:13     | Gained mutation: You occasionally shout uncontrollably at
                  | your foes. [potion of mutation]
 18860 | D:13     | Gained mutation: You have a somewhat thin skeletal
                  | structure. (Dex +2, Stealth+) [potion of mutation]
 18861 | D:13     | 18861 ||| READING 3 scrolls of identify.
 18861 | D:13     | 18861 ||| IDENTIFYING red potion
 18870 | Gauntlet | Entered a Gauntlet
 18870 | Gauntlet | Found a transporter.
 18870 | Gauntlet | Found a runed translucent door.
 18871 | Gauntlet | Found a runed translucent door.
 18878 | Gauntlet | Found a transporter.
 18880 | Gauntlet | Found a transporter.
 18891 | Gauntlet | Found a transporter.
 18894 | Gauntlet | Found a transporter.
 18902 | Gauntlet | Found a transporter.
 18923 | Gauntlet | Found a transporter.
 18934 | Gauntlet | Found a transporter.
 18941 | Gauntlet | Found a runed translucent gate.
 18941 | Gauntlet | Found a runed translucent gate.
 18941 | Gauntlet | Found a runed translucent gate.
 18945 | Gauntlet | Found a transporter.
 18964 | Gauntlet | Found a transporter.
 18978 | Gauntlet | Found a transporter.
 18979 | Gauntlet | Found a transporter.
 18980 | Gauntlet | Found the +3 crown of Dyrovepreva {rElec Int+2 SInv}
 19028 | Gauntlet | Found a transporter.
 19046 | Gauntlet | Found a transporter.
 19138 | Gauntlet | Paralysed by a floating eye for 4 turns
 19251 | Gauntlet | Identified the ring "Rela Kal" {Fire Str+6 Dex+4}
 19253 | Gauntlet | 19253 ||| DROPPING +6 ring of dexterity.
 19254 | Gauntlet | 19254 ||| UPGRADING to ring "Rela Kal" {Fire Str+6 Dex+4}.
 19263 | Gauntlet | 19263 ||| Stepping ~*~*~tactically~*~*~ (stealth).
 19264 | Gauntlet | 19264 ||| Stepping ~*~*~tactically~*~*~ (stealth).
 19265 | Gauntlet | 19265 ||| Stepping ~*~*~tactically~*~*~ (stealth).
 19266 | Gauntlet | 19266 ||| Stepping ~*~*~tactically~*~*~ (stealth).
 19268 | Gauntlet | 19268 ||| INVOKING Heroism.
 19269 | Gauntlet | 19269 ||| INVOKING Finesse.
 19276 | Gauntlet | Reached skill level 3 in Dodging
 19360 | D:13     | 19360 ||| PLANNING D
 19456 | D:13     | 19456 ||| Stepping ~*~*~tactically~*~*~ (hiding).
 19468 | D:13     | Reached XP level 15. HP: 86/96 MP: 22/22
 19662 | D:13     | 19662 ||| INVOKING Heroism.
 19718 | D:14     | 19718 ||| PLANNING BAZAAR
 19788 | D:14     | 19788 ||| Stepping ~*~*~tactically~*~*~ (stealth).
 19790 | D:14     | 19790 ||| Stepping ~*~*~tactically~*~*~ (hiding).
 19792 | D:14     | 19792 ||| Stepping ~*~*~tactically~*~*~ (hiding).
 19794 | D:14     | 19794 ||| Stepping ~*~*~tactically~*~*~ (hiding).
 19796 | D:14     | 19796 ||| Stepping ~*~*~tactically~*~*~ (hiding).
 19797 | D:14     | 19797 ||| INVOKING Heroism.
 19807 | D:14     | Gained mutation: You are frail. (-10% HP) [a shining eye]
 19811 | D:14     | 19811 ||| DRINKING 3 potions of mutation.
 19811 | D:14     | Lost mutation: You occasionally shout uncontrollably at
                  | your foes. [potion of mutation]
 19811 | D:14     | Lost mutation: Your flesh is cold resistant. (rC+) [potion
                  | of mutation]
 19811 | D:14     | Lost mutation: You are frail. (-10% HP) [potion of
                  | mutation]
 19811 | D:14     | Gained mutation: Your magical capacity is low. (-10% MP)
                  | [potion of mutation]
 19843 | D:14     | Found a gate to the Vaults.
 19957 | D:14     | Found a blossoming altar of Fedhas.
 19968 | D:14     | Found Sauracaci's CLEARANCE SALE!.
 20011 | D:14     | 20011 ||| INVOKING Heroism.
 20013 | D:14     | 20013 ||| SWAPPING to +2 war axe of flaming.
 20020 | D:14     | 20020 ||| SWAPPING to +5 broad axe of Uczamur {drain, rC+}.
 20089 | D:14     | Found a flickering gateway to a bazaar.
 20098 | Bazaar   | Entered a bazaar
 20100 | Bazaar   | Found Fazezerigh's Weapon Boutique.
 20104 | Bazaar   | Found Jypnub's Antique Weapon Boutique.
 20104 | Bazaar   | Found Hanuotif's Distillery.
 20105 | Bazaar   | Found Vaimo's Assorted Antiques.
 20110 | Bazaar   | 20110 ||| BUYING potion of heal wounds (90 gold).
 20110 | Bazaar   | Bought a potion of heal wounds for 90 gold pieces
 20115 | Bazaar   | 20115 ||| BUYING glowing broad axe (133 gold).
 20115 | Bazaar   | Bought a glowing broad axe for 133 gold pieces
 20115 | Bazaar   | 20115 ||| BUYING runed war axe (123 gold).
 20115 | Bazaar   | Bought a runed war axe for 123 gold pieces
 20115 | Bazaar   | 20115 ||| DROPPING +4 broad axe.
 20116 | Bazaar   | 20116 ||| DROPPING +0 vorpal war axe.
 20122 | Bazaar   | 20122 ||| BUYING 2 potions of curing (54 gold).
 20122 | Bazaar   | Bought 2 potions of curing for 54 gold pieces
 20122 | Bazaar   | 20122 ||| BUYING potion of curing (27 gold).
 20122 | Bazaar   | Bought a potion of curing for 27 gold pieces
 20122 | Bazaar   | 20122 ||| BUYING potion of heal wounds (45 gold).
 20122 | Bazaar   | Bought a potion of heal wounds for 45 gold pieces
 20122 | Bazaar   | 20122 ||| BUYING potion of lignification (27 gold).
 20122 | Bazaar   | Bought a potion of lignification for 27 gold pieces
 20122 | Bazaar   | 20122 ||| BUYING potion of might (36 gold).
 20122 | Bazaar   | Bought a potion of might for 36 gold pieces
 20134 | D:14     | 20134 ||| PLANNING D
 20148 | D:14     | 20148 ||| INVOKING Heroism.
 20161 | D:14     | Received a gift from Okawaru
 20260 | D:14     | 20260 ||| INVOKING Finesse.
 20266 | D:14     | Received a gift from Okawaru
 20267 | D:14     | Reached skill level 12 in Shields
 20314 | D:14     | 20314 ||| Stepping ~*~*~tactically~*~*~ (hiding).
 20432 | D:14     | 20432 ||| Stepping ~*~*~tactically~*~*~ (stealth).
 20433 | D:14     | 20433 ||| INVOKING Heroism.
 20453 | D:14     | HP: 22/96 [white ugly thing (13)]
 20454 | D:14     | 20454 ||| READING 4 scrolls of teleportation.
 20454 | D:14     | Slain by a white ugly thing

Levels and vault maps discovered:
D:1:      amcnicky_arrival_flooded_fountain, layout_basic, serial_park_tiny_1,
          serial_bayou_pond_a, chequers_decorated_corner
D:2:      layout_rooms, basic_altar, minmay_fractal_squares_gapless_5
D:3:      corexii_shack_village, layout_loops_ring,
          dreamdust_ecumenical_altar_statues, grunt_ministairs_8
D:4:      layout_cave_pools, lightli_sewer_entry_pipes,
          nicolae_ossuary_entry_catacombs, kennysheep_generic_room_2
D:5:      layout_cave_pods
D:6:      layout_loops_cross, general_overflow_altar,
          nicolae_dithmenos_shadow_blocks, vehumet_statue,
          gammafunk_temple_overflow_wave, minmay_temple_entry_glassed_door,
          nicolae_shop_sticking_my_neck_out
D:7:      layout_gridville, okawaru_trees_1, uniq_prince_ribbit1
D:8:      layout_cave_pods, enter_bailey_3, palyth_stone_intersect,
          nicolae_evil_shop
D:9:      layout_roguey, zin_statuary, serial_shops, nicolae_diamond_shop,
          evilmike_minifort, uniq_pikel
D:10:     layout_loops_corners, trog_ov_bears_minmay,
          due_lair_maze_entry_diamond, minmay_diced_spiral, uniq_erolcha
D:11:     layout_roguey, david_orc_4, uniq_harold
D:12:     layout_small_grid, nicolae_trove_entry_isolated, uniq_sonja
D:13:     layout_irregular_city, gauntlet_entry_generic,
          kennysheep_pointless_box, uniq_nessos
D:14:     layout_grid_maze, david_vaults_2, fedhas_altar_1, serial_shops,
          bzr_in_the_mist, nicolae_shop_clearance
Lair:1:   layout_loops_ring, serial_bayou_shore_b, grunt_megastairs_3
Lair:2:   layout_gridlike, elwin_shoals_entry_stream,
          hellmonk_spider_entry_life_and_decay, minmay_lindwurm_lava
Lair:3:   layout_chaotic_city
Lair:4:   layout_loops_ring, minmay_slime_entry_pillars,
          hangedman_lair_generics_rect, infiniplex_staircase_pool_2
Lair:5:   due_jungle_book, layout_cave_pods, st_stairs_11, uniq_kirke

Skill      XL: |  1  2  3  4  5  6  7  8  9 10 11 12 13 14 15 |
---------------+----------------------------------------------+-----
Axes           | 2 3 4 5 6 7 8 10 12 14 15 | 15.2
Throwing       | 1 2 3 5 6 |  6.0
Fighting       | 4 5 6 7 8 9 10 11 12 | 12.0
Dodging        | 1 2 3 4 |  4.1
Armour         | 5 6 7 8 9 10 11 | 11.0
Shields        | 4 5 6 7 10 12 | 12.0
Invocations    | 4 7 10 | 10.0

Action                   |  1- 3 |  4- 6 |  7- 9 | 10-12 | 13-15 || total
-------------------------+-------+-------+-------+-------+-------++-------
Melee: War axe           |    93 |   247 |   284 |   446 |    38 ||  1108
       Broad axe         |       |       |       |       |   656 ||   656
Throw: Javelin           |       |    23 |    48 |    77 |   109 ||   257
       Boomerang         |       |     3 |       |       |     3 ||     6
Invok: Heroism           |       |       |       |    30 |    27 ||    57
       Finesse           |       |       |       |     1 |     9 ||    10
  Use: Scroll            |     7 |     1 |     8 |     5 |     9 ||    30
       Potion            |     1 |       |     7 |     1 |     4 ||    13
 Stab: Distracted        |       |       |       |       |     1 ||     1
Armor: Scale mail        |    38 |    57 |       |       |       ||    95
       Chain mail        |       |   116 |    60 |       |       ||   176
       Plate armour      |       |       |   179 |   213 |   358 ||   750
Dodge: Dodged            |    48 |    99 |    92 |   174 |   226 ||   639
       Repelled          |       |       |     1 |     7 |     2 ||    10
Block: Buckler           |    13 |    49 |    45 |    89 |    74 ||   270
       Kite shield       |       |       |       |       |   115 ||   115

Table legend:
 A = Non-vault XP
 B = Vault XP
 C = Vault XP percentage of total XP
 D = Non-vault monster count
 E = Vault monster count
 F = Vault count percentage of total count
                 A         B        C        D         E       F
            +---------+---------+-------+---------+---------+-------
      Total |   65580 |   35242 |  35.0 |     376 |     184 |  32.9
            +---------+---------+-------+---------+---------+-------
        D:1 |      45 |       0 |   0.0 |      26 |       0 |   0.0
        D:2 |      29 |       7 |  19.4 |      10 |       5 |  33.3
        D:3 |     134 |      22 |  14.1 |      34 |      11 |  24.4
        D:4 |     365 |     320 |  46.7 |      25 |      20 |  44.4
        D:5 |     899 |       0 |   0.0 |      18 |       0 |   0.0
        D:6 |     505 |      32 |   6.0 |      11 |       1 |   8.3
        D:7 |    1405 |     283 |  16.8 |      34 |       1 |   2.9
        D:8 |    1363 |       7 |   0.5 |       9 |       4 |  30.8
        D:9 |     985 |     651 |  39.8 |      16 |       1 |   5.9
       D:10 |    1706 |    3852 |  69.3 |      15 |      17 |  53.1
       D:11 |    3448 |    1553 |  31.1 |      25 |      18 |  41.9
       D:12 |    7721 |     776 |   9.1 |      17 |       1 |   5.6
       D:13 |    3660 |    1051 |  22.3 |      13 |       1 |   7.1
       D:14 |   12200 |     816 |   6.3 |      22 |       3 |  12.0
     Lair:1 |    3485 |    1018 |  22.6 |      19 |       3 |  13.6
     Lair:2 |    5338 |    2756 |  34.0 |      17 |       8 |  32.0
     Lair:3 |    8364 |       0 |   0.0 |      28 |       0 |   0.0
     Lair:4 |    2336 |    3272 |  58.3 |      10 |      12 |  54.5
     Lair:5 |   11592 |   15425 |  57.1 |      27 |      33 |  55.0
    Ossuary |       0 |     229 | 100.0 |       0 |      39 | 100.0
   Gauntlet |       0 |    3172 | 100.0 |       0 |       6 | 100.0
            +---------+---------+-------+---------+---------+-------
